 Dungeon Crawl Stone Soup version 0.27-a0-1232-gc6a4cbde82 (webtiles) character file.

Game seed: 13117474483764472998

4245 tilp the Summoner (level 10, -1/76 HPs)
             Began as a Barachi Summoner on June 8, 2021.
             Was a Believer of Okawaru.
             Shot with an arrow by a centaur (6 damage)
             ... on level 8 of the Dungeon.
             The game lasted 00:24:41 (12608 turns).

tilp the Summoner (Barachi Summoner)               Turns: 12608, Time: 00:24:41

Health: -1/76      AC: 11    Str: 14    XL:     10   Next: 30%
Magic:  9/16       EV: 13    Int: 15    God:    Okawaru [**....]
Gold:   269        SH:  5    Dex: 18    Spells: 0/17 levels left

rFire    . . .     SeeInvis .   a - +2 trident (venom)
rCold    . . .     Faith    .   (no shield)
rNeg     . . .     Spirit   .   c - +0 ring mail
rPois    .         Reflect  +   h - +2 helmet
rElec    .         Harm     .   (no cloak)
rCorr    .         Rampage  .   (no gloves)
Will     .....                  B - +2 pair of boots
Stlth    ++........             m - amulet of reflection
HPRegen  0.22/turn              p - +6 ring of dexterity
MPRegen  0.15/turn              (no ring)

@: unable to hop, slow
A: amphibious, slowness 1, strong legs 1, +LOS
a: Hop, Renounce Religion, Heroism


You were on level 8 of the Dungeon.
You worshipped Okawaru.
Okawaru was pleased with you.
You visited 2 branches of the dungeon, and saw 9 of its levels.
You also visited: Sewer.

You collected 269 gold pieces.

Inventory:

Hand Weapons
 a - a +2 trident of venom (weapon)
 b - a +3 dagger of flaming
 l - a +1 dagger of speed
 D - a +0 halberd
 F - a +2 spear of venom
Missiles
 j - 3 curare-tipped darts
 o - 32 poisoned darts (quivered)
Armour
 c - a +0 ring mail (worn)
 h - a +2 helmet (worn)
 B - a +2 pair of boots (worn)
Jewellery
 m - an amulet of reflection (around neck)
 p - a +6 ring of dexterity (left hand)
Wands
 i - a wand of digging (2)
 v - a wand of charming (4)
Scrolls
 e - 2 scrolls of vulnerability
 n - 2 scrolls of fear
 q - a scroll of amnesia
 r - 3 scrolls of teleportation
 s - a scroll of blinking
 x - 2 scrolls of torment
 z - a scroll of fog
 A - 4 scrolls of enchant weapon
 C - 2 scrolls of enchant armour
Potions
 d - a potion of magic
 f - 2 potions of curing
 g - a potion of invisibility
 k - a potion of heal wounds
 t - a potion of haste
 u - a potion of might
 w - a potion of brilliance
 E - a potion of flight {unknown}


   Skills:
 - Level 6.0 Fighting
 - Level 6.0 Polearms
 - Level 6.0 Dodging
 - Level 4.0 Stealth
 - Level 4.0 Spellcasting
 + Level 10.6 Summonings
 + Level 3.5 Ice Magic
 + Level 2.1 Air Magic
 - Level 4.0 Invocations


You couldn't memorise any spells.
You knew the following spells:

 Your Spells              Type           Power      Damage    Failure   Level
a - Summon Small Mammal   Summ           100%       N/A       1%          1
b - Call Imp              Summ           34%        N/A       1%          2
c - Call Canine Familiar  Summ           34%        N/A       1%          3
d - Summon Guardian Gole  Hex/Summ       18%        N/A       13%         3
e - Summon Ice Beast      Ice/Summ       24%        N/A       21%         4
f - Summon Lightning Spi  Summ/Air       22%        N/A       26%         4

Your spell library contained the following spells:

 Spells                   Type           Power      Damage    Failure   Level


Dungeon Overview and Level Annotations

Branches:
Dungeon (8/15)             Temple (1/1) D:7            Lair (0/6) D:8
  Sewer (visited)

Altars:
Fedhas
Makhleb
Nemelex Xobeh
Okawaru
Wu Jian
Yredelemnul

Shops:
D:6 :

Annotations:
D:2 Sigmund


Innate Abilities, Weirdness & Mutations

You are amphibious.
You cover ground slowly.
You can hop short distances.
You have an extended range of vision and can be seen from far away.


Message History

The centaur shoots an arrow.
The arrow hits your ice beast!
Your ice beast hits the acid dragon but does no damage. x2
You block the acid dragon's attack. The acid dragon barely misses you.
Unknown command.
You hit the acid dragon but do no damage.
The acid dragon looks even sicker.
The acid dragon is moderately wounded.
The centaur shoots an arrow.
The arrow hits your ice beast.
Your ice beast closely misses the acid dragon.
The centaur shoots an arrow.
The arrow hits your ice beast.
Your ice beast dies!
The acid dragon spits acid at you. The splash of acid hits you!
* * * LOW HITPOINT WARNING * * *
You are splashed with acid!
* * * LOW HITPOINT WARNING * * *
Hop to where?
Press: ? - help, Dir - move target Boing!
Your ice beast hits the acid dragon but does no damage.
Your hound bites the acid dragon.
The acid dragon bites your hound!
The acid dragon claws your hound but does no damage.
Unknown command.
The acid dragon spits acid at your hound.
The splash of acid hits your hound!
Your hound is splashed with acid.
Your hound dies!
Your hound's corpse disappears in a puff of smoke!
You are no longer corroded.
The centaur shoots an arrow.
The arrow hits you.
* * * LOW HITPOINT WARNING * * *
The centaur shoots an arrow.
The arrow hits you.
* * * LOW HITPOINT WARNING * * *
The centaur shoots an arrow.
The arrow hits you.
* * * LOW HITPOINT WARNING * * *
The centaur shoots an arrow.
The arrow hits you.
* * * LOW HITPOINT WARNING * * *
Okawaru accepts your kill.
You feel a bit more experienced.
The centaur shoots an arrow.
The arrow hits you.
You die...

......................#...######.
........####.....>....#.#...# #.
........# #.......#..c.###.# ..
........# #....###...### ..##..
.......## ##....#....# .##..
..#...## #.......#.# .....
#....## #.........# #... ....##
##........# .. .##.## #..@######
.P ###..# ##..# ...#.##### #<..#
##.......#####.#.#########
#####....................
####......##....####
######...###.# ###.# ###.
#.###.....


You could see a centaur.

Vanquished Creatures
  A death yak (D:7)
  An acid dragon (D:8)
  A sky beast (D:6)
  2 ogres
  2 phantoms
  A centaur (D:5)
  6 kobold brigands (Sewer)
  A bullfrog (D:7)
  4 howler monkeys (D:8)
  A bullfrog zombie (D:7)
  2 hounds (D:5)
  A centaur zombie (D:7)
  2 jellies
  An orc priest (D:7)
  A bullfrog skeleton (D:6)
  3 orc wizards
  2 iguanas (D:5)
  2 killer bee zombies (D:7)
  A howler monkey zombie (D:7)
  5 adders
  3 gnolls
  2 river rats (Sewer)
  A white imp (D:7)
  An ufetubus (D:4)
  4 worms
  A dart slug (D:2)
  15 orcs
  7 endoplasms
  5 giant cockroaches
  9 goblins
  6 hobgoblins
  3 jackals (D:3)
  10 quokkas
  11 ball pythons
  5 bats (D:1)
  2 frilled lizards
  11 kobolds
  10 rats
146 creatures vanquished.

Vanquished Creatures (collateral kills)
  A death yak (D:7)
  3 ice beasts
  An orc warrior (D:7)
  A sky beast (D:8)
  3 black bears
  A necrophage (D:6)
  2 ogres
  2 howler monkeys (D:8)
  A bullfrog zombie (D:7)
  4 centaur zombies
  A hound (D:5)
  A bullfrog skeleton (D:5)
  An orc priest (D:1)
  2 orc wizards
  2 killer bee zombies
  5 gnolls
  2 howler monkey skeletons (D:6)
  A river rat (D:8)
  5 adders
  A howler monkey zombie (D:7)
  A worm (Sewer)
  7 orcs
  2 ball pythons
  An endoplasm (D:1)
  A giant cockroach (D:1)
  3 goblins
  A hobgoblin (D:4)
  4 jackals
  2 quokkas (D:8)
  A kobold (Sewer)
  A rat (D:8)
64 creatures vanquished.

Vanquished Creatures (others)
  A death yak (D:7)
  An orc wizard (D:4)
  A fungus (D:8)
  11 plants (D:2)
14 creatures vanquished.

Grand Total: 224 creatures vanquished

Notes
Turn   | Place    | Note
-------+----------+-------------------------------------------
     0 | D:1      | tilp the Barachi Summoner began the quest for the Orb.
     0 | D:1      | Reached XP level 1. HP: 13/13 MP: 3/3
    91 | D:1      | Reached skill level 1 in Fighting
   303 | D:1      | Reached XP level 2. HP: 16/22 MP: 0/5
   410 | D:1      | Learned a level 2 spell: Call Imp
   606 | D:1      | Reached skill level 5 in Summonings
   801 | D:1      | Reached XP level 3. HP: 27/27 MP: 6/6
   805 | D:1      | Learned a level 3 spell: Call Canine Familiar
   995 | D:1      | Found a faded altar of an unknown god.
  1720 | D:2      | Reached XP level 4. HP: 33/33 MP: 8/8
  1747 | D:2      | Noticed Sigmund
  1947 | D:1      | Reached skill level 6 in Summonings
  3292 | D:3      | Reached XP level 5. HP: 39/39 MP: 9/9
  3790 | D:3      | Found an ornate altar of the Wu Jian Council.
  4137 | D:3      | You fall into a shaft and drop 3 floors!
  4137 | D:6      | Found a burning altar of Makhleb.
  4229 | D:5      | Entered Level 5 of the Dungeon
  4229 | D:5      | Noticed an ogre
  4235 | D:5      | Killed an ogre
  4236 | D:5      | Reached XP level 6. HP: 36/47 MP: 0/10
  4792 | D:4      | Found a glowing drain.
  4880 | Sewer    | Entered a sewer
  5611 | Sewer    | Reached XP level 7. HP: 18/54 MP: 7/11
  6575 | Sewer    | Reached skill level 7 in Summonings
  7347 | D:4      | Reached skill level 8 in Summonings
  7347 | D:4      | Reached XP level 8. HP: 27/61 MP: 14/14
  7677 | D:4      | Reached skill level 5 in Fighting
  8079 | D:5      | Found a sparkling altar of Nemelex Xobeh.
  8500 | D:5      | Reached skill level 9 in Summonings
  9290 | D:6      | Found Suoddybb's Book Shoppe.
  9336 | D:6      | Reached skill level 10 in Summonings
  9446 | D:6      | Reached skill level 5 in Dodging
  9446 | D:6      | Reached XP level 9. HP: 69/69 MP: 9/15
  9572 | D:6      | Found an iron altar of Okawaru.
  9575 | D:6      | Became a worshipper of Warmaster Okawaru
 10030 | D:7      | Reached skill level 1 in Invocations
 10054 | D:7      | Found a staircase to the Ecumenical Temple.
 10296 | D:7      | Found a basalt altar of Yredelemnul.
 10359 | Temple   | Entered the Ecumenical Temple
 10940 | D:8      | Reached * piety under Okawaru
 11009 | D:8      | Reached skill level 1 in Polearms
 11024 | D:8      | Noticed a death yak
 11026 | D:8      | Noticed a death yak
 11155 | D:7      | Killed a death yak
 11155 | D:7      | Reached ** piety under Okawaru
 11337 | D:7      | Learned a level 3 spell: Summon Guardian Golem
 11342 | D:7      | Learned a level 4 spell: Summon Ice Beast
 11395 | D:8      | Noticed a death yak
 11687 | D:7      | Killed a death yak
 11688 | D:7      | Reached XP level 10. HP: 6/76 MP: 3/16
 11693 | D:7      | Learned a level 4 spell: Summon Lightning Spire
 12021 | D:7      | Killed a death yak
 12022 | D:7      | Reached skill level 1 in Air Magic
 12416 | D:8      | Found a staircase to the Lair.
 12608 | D:8      | Shot with an arrow by a centaur

Illustrated notes

Levels and vault maps discovered:
D:1:      amcnicky_arrival_wind_blow, layout_loops_ring, basic_ecumenical_altar,
          minmay_misc_feat_enclosed
D:2:      layout_rooms, lexackson_kobold_supper, uniq_sigmund
D:3:      layout_loops_cross, nicolae_wu_jian_immortal_techniques,
          roderic_malta_cross
D:4:      layout_basic, gup_sewer_entry_pipe
D:5:      layout_cave_pools, lemuel_crystal_altar
D:6:      layout_rooms, kennysheep_mini_moat, bloody_makhleb, serial_shops,
          nicolae_shop_window_shopping, nicolae_lava_and_water
D:7:      layout_basic, nicolae_yredelemnul_corpse_copse, temple_green
D:8:      layout_rooms, dpeg_lair_monsters, kennysheep_minor_cross,
          fungi_pond_lemuel
Temple:   eino_wide_crystal_templ

Skill      XL: |  1  2  3  4  5  6  7  8  9 10 |
---------------+-------------------------------+-----
Fighting       | 1 2 3 4 6 |  6.0
Summonings     | 5 6 8 10 | 10.6
Spellcasting   | 3 4 |  4.0
Stealth        | 2 3 4 |  4.0
Dodging        | 3 4 5 6 |  6.0
Invocations    | 4 |  4.0
Polearms       | 6 |  6.0
Ice Magic      | 2 3 |  3.5
Air Magic      | 2 |  2.1

Action                   |  1- 3 |  4- 6 |  7- 9 | 10-12 || total
-------------------------+-------+-------+-------+-------++-------
Melee: Dagger            |    83 |    91 |    92 |       ||   266
       Club              |     2 |       |       |       ||     2
       Spear             |       |   103 |   209 |       ||   312
       Trident           |       |       |    44 |    25 ||    69
       Punch             |       |       |     1 |       ||     1
Throw: Dart              |       |     2 |    14 |       ||    16
 Cast: Summon Small Mamm |    17 |     2 |       |       ||    19
       Call Imp          |     2 |    20 |    51 |       ||    73
       Call Canine Famil |     1 |    20 |    38 |     2 ||    61
       Summon Ice Beast  |       |       |       |     4 ||     4
       Summon Guardian G |       |       |       |     1 ||     1
Invok: Heroism           |       |       |     4 |     1 ||     5
 Abil: Hop               |     1 |     2 |     3 |     2 ||     8
  Use: Scroll            |     1 |     3 |    18 |       ||    22
       Potion            |       |     3 |       |       ||     3
 Stab: Sleeping          |     3 |     2 |     1 |       ||     6
       Distracted        |     3 |     1 |     8 |     1 ||    13
Armor: Robe              |    23 |       |       |       ||    23
       Ring mail         |       |    65 |   127 |     9 ||   201
       Leather armour    |       |     3 |       |       ||     3
Dodge: Dodged            |    72 |    96 |   182 |    18 ||   368
Block: Other             |       |       |    29 |     6 ||    35

Table legend: (Time is in decaauts)
 A = Elapsed time spent in this place.
 B = Non-inter-level travel time spent in this place.
 C = Inter-level travel time spent in this place.
 D = Time resting spent in this place.
 E = Time spent auto-exploring this place.
 F = Levels seen in this place.
 G = Mean time per level.
                   A        B        C        D        E       F      G
               +--------+--------+--------+--------+--------+-----+--------+
         Total |  13647 |  13030 |    617 |   4579 |   5967 |  10 | 1364.7 |
       Dungeon |  11357 |  10740 |    617 |   3328 |   5228 |   8 | 1419.6 |
        Temple |    247 |    247 |      0 |    246 |      0 |   1 |  247.0 |
         Sewer |   2042 |   2042 |      0 |   1005 |    739 |   1 | 2042.0 |
               +--------+--------+--------+--------+--------+-----+--------+

Top non-repeatable levels by time:
   Sewer: 2042 daAuts
     D:7: 1979 daAuts
     D:4: 1908 daAuts
     D:1: 1747 daAuts
     D:2: 1590 daAuts
     D:6: 1312 daAuts
     D:3: 1293 daAuts
     D:5: 1068 daAuts
     D:8: 456 daAuts
  Temple: 247 daAuts
